[Event "Late-Titled-Tuesday-Blitz-April-02-2024"]
[Site "Chess.com"]
[Date "2024.04.02"]
[Round "8"]
[White "ploxoi"]
[Black "jinxy2009"]
[Result "0-1"]
[WhiteElo "2451"]
[BlackElo "2318"]
[TimeControl "180+1"]
[EndTime "15:25:49 PDT"]
[Termination "jinxy2009 won by resignation"]

1. d4 d5 2. Nf3 Nf6 3. c4 e6 4.
g3 h6 5. Bg2 Bd6 6. O-O O-O 7.
Nc3 Nc6 8. b3 dxc4 9. bxc4 e5 10. d5 Ne7 11. e4 a6 12. Ne1 b5 13. cxb5 axb5 14. Nxb5 Ba6 15. Qb3 Rb8 16. a4 c6 17.
dxc6 Nxc6 18. Qc3 Bxb5 19. axb5 Nd4 20. Kh1 Rxb5 21. Nc2 Rc5 22. Qd3 Rxc2 23. Be3 Rb2 24. Bxd4 exd4 25. Qxd4 Qb6 26. Qd3 Ng4 27. f3 Nf2+ 28.
Rxf2 Qxf2 29. Rg1 Bc5 30. Qd1 Qxg1+ 31. Qxg1 Bxg1 32. Kxg1 Ra8 33. h4 Ra1+ 34. Kh2 Raa2 35. Kh3 Rxg2 36. Kg4 g6 37. f4 Kg7 38. f5 h5+ 39.
Kf4 Raf2+ 40. Ke5 Rxg3 41. Kd5 gxf5 0-1

[Event "Late-Titled-Tuesday-Blitz-April-02-2024"]
[Site "Chess.com"]
[Date "2024.04.02"]
[Round "8"]
[White "Duhless"]
[Black "subham777"]
[Result "1-0"]
[WhiteElo "3093"]
[BlackElo "2564"]
[TimeControl "180+1"]
[EndTime "15:25:51 PDT"]
[Termination "Duhless won on time"]

1. e4 e6 2. d3 c5 3. Nd2 Nc6 4.
Ngf3 d6 5. g3 g6 6. Bg2 Bg7 7.
O-O Nge7 8. c3 O-O 9. a4 a6 10. Nc4 d5 11. Ne3 d4 12. cxd4 Nxd4 13. Nc4 Nec6 14.
Bf4 Nxf3+ 15. Bxf3 e5 16. Be3 Nd4 17. Rc1 b5 18.
Bxd4 Qxd4 19. axb5 axb5 20. Nb6 Ra6 21. Nd5 Be6 22. Nc7 Rb6 23. Bg4 f5 24. Nxe6 Rxe6 25.
Bh3 Rb6 26. exf5 gxf5 27. Qh5 Rh6 28. Qd1 Rxh3 29. Qb3+ Kh8 30. Qxb5 Qg4 31. Rxc5 Qh5 32. Rxe5 Rxh2 33. Qd5 Bxe5 34. Qxe5+ Kg8 35. Qd5+ Kh8 36.
Qe5+ Kg8 37. Qd5+ Kh8 38. Rc1 Qh6 39. Qe5+ Kg8 40. Qd5+ Kh8 41. Rc6 Qh5 42. Qe5+ Kg8 43. Qd5+ Kh8 44. Rc7 1-0

[Event "Late-Titled-Tuesday-Blitz-April-02-2024"]
[Site "Chess.com"]
[Date "2024.04.02"]
[Round "8"]
[White "SergioMoralesG"]
[Black "PawnEatingZombie"]
[Result "1-0"]
[WhiteElo "2416"]
[BlackElo "2191"]
[TimeControl "180+1"]
[EndTime "15:25:53 PDT"]
[Termination "SergioMoralesG won by resignation"]

1. d4 Nf6 2. c4 g6 3. Nc3 Bg7 4. e4 d6 5. Nf3 O-O 6. Be2 e5 7.
Be3 exd4 8. Nxd4 Re8 9. f3 c6 10. Bf2 d5 11. exd5 cxd5 12. c5 Nc6 13. Nxc6 bxc6 14.
O-O Nh5 15. Qd2 Qc7 16. Rfe1 Nf4 17. Bf1 Bd7 18. Bd4 Bh6 19. Kh1 Ne6 20. Qxh6 Nxd4 21. Qd2 Ne6 22. b4 a5 23. a3 Qb7 24. Rab1 axb4 25.
axb4 Ra3 26. b5 Nxc5 27. Rxe8+ Bxe8 28. bxc6 Qxc6 29. Nxd5 Rd3 30. Qxd3 Nxd3 31. Ne7+ 1-0

[Event "Late-Titled-Tuesday-Blitz-April-02-2024"]
[Site "Chess.com"]
[Date "2024.04.02"]
[Round "8"]
[White "NovakRatko"]
[Black "youngdinousaur"]
[Result "0-1"]
[WhiteElo "2401"]
[BlackElo "2245"]
[TimeControl "180+1"]
[EndTime "15:25:54 PDT"]
[Termination "youngdinousaur won on time"]

1. d4 Nf6 2. c4 e6 3. a3 d5 4. Nc3 b6 5. cxd5 Nxd5 6. e4 Nxc3 7. bxc3 Bb7 8. f3 c5 9. Be3 Be7 10. Bd3 O-O 11. Ne2 Nc6 12. O-O Rc8 13. Qa4 Na5 14. Rfd1 Bc6 15. Bb5 cxd4 16. Bxd4 Qc7 17. c4 Rfd8 18.
Kh1 Bf6 19. Bxf6 gxf6 20. Nd4 Bxb5 21. Nxb5 Qxc4 22. Rxd8+ Rxd8 23. Qxc4 Nxc4 24. Nxa7 Nxa3 25. Nc6 Rd2 26. h4 Nc4 27. Re1 Kg7 28. Kh2 b5 29. Kg3 Rd6 30. Nb4 Rd2 31. Kh3 Rb2 32. Nc6 b4 33. g4 b3 34. Nd4 Nd2 35. Re3 Rb1 36.
Kg2 b2 37. Re2 Rc1 38. Rxd2 b1=Q 39. Ne2 Rh1 0-1

[Event "Late-Titled-Tuesday-Blitz-April-02-2024"]
[Site "Chess.com"]
[Date "2024.04.02"]
[Round "8"]
[White "dosto07"]
[Black "chessydotcom"]
[Result "1-0"]
[WhiteElo "2474"]
[BlackElo "2301"]
[TimeControl "180+1"]
[EndTime "15:25:57 PDT"]
[Termination "dosto07 won by resignation"]

1. e4 c5 2. Nf3 e6 3. c3 d5 4.
exd5 Qxd5 5. d4 Nf6 6. Na3 Nc6 7. Be3 cxd4 8. Nb5 Qd7 9. Nbxd4 a6 10. Bd3 Be7 11. O-O O-O 12. Qc2 h6 13. Rad1 Qc7 14.
Rfe1 b5 15. Nxc6 Qxc6 16. Ne5 Qc7 17. Bd4 Bb7 18. Qe2 Rad8 19. Ng6 Rfe8 20. Nxe7+ Qxe7 21. h3 Nd5 22. Qe5 Nf6 23. Bc5 Rd5 24. Bxe7 Rxe5 25.
Rxe5 Rxe7 26. Be2 Bd5 27. a4 Rb7 28. axb5 axb5 29. Ra1 Nd7 30. Re3 f6 31. Ra5 b4 32.
c4 Bc6 33. Rxe6 Rc7 34. Bh5 Nf8 35. Rd6 g6 36. Rc5 gxh5 37. Rcxc6 Ra7 38. Ra6 Rc7 39.
b3 Re7 40. Rxf6 Re1+ 41. Kh2 Rb1 42. Ra8 1-0

[Event "Late-Titled-Tuesday-Blitz-April-02-2024"]
[Site "Chess.com"]
[Date "2024.04.02"]
[Round "8"]
[White "sergoy"]
[Black "shimastream"]
[Result "0-1"]
[WhiteElo "2916"]
[BlackElo "3025"]
[TimeControl "180+1"]
[EndTime "15:25:58 PDT"]
[Termination "shimastream won by resignation"]

1. d4 b6 2. e4 Bb7 3. Nc3 e6 4.
f3 d5 5. Bb5+ c6 6. Bd3 Nf6 7.
e5 Nfd7 8. f4 g6 9. Nf3 c5 10.
Be3 Nc6 11. O-O a6 12. Qe1 Be7 13. Rd1 Qc7 14. Qf2 Nb4 15. a3 Nxd3 16. cxd3 Bc6 17.
Rc1 Qb7 18. Kh1 Rc8 19. Qg3 h5 20. Ng5 cxd4 21. Bxd4 Nc5 22. Ne2 Bb5 23. Rc3 h4 24. Qh3 Na4 25. Nxe6 Nxc3 26. Nxc3 fxe6 27. Qxe6 Bxd3 28.
Nxd5 Bf5 29. Nf6+ Kf8 30. Qb3 h3 31. Rg1 Rc2 32. Nd5 hxg2+ 33. Rxg2 Rxg2 0-1

[Event "Late-Titled-Tuesday-Blitz-April-02-2024"]
[Site "Chess.com"]
[Date "2024.04.02"]
[Round "8"]
[White "ameetghasi100"]
[Black "Alexei_Gubajdullin"]
[Result "0-1"]
[WhiteElo "2786"]
[BlackElo "2641"]
[TimeControl "180+1"]
[EndTime "15:25:59 PDT"]
[Termination "Alexei_Gubajdullin won on time"]

1. Nf3 Nf6 2. d4 g6 3. Nc3 d5 4. Bf4 a6 5. e3 Bg7 6. Be2 O-O 7. Ne5 c5 8. h4 h5 9. Bf3 cxd4 10. exd4 Nc6 11.
Qd2 Bf5 12. O-O Ne4 13. Bxe4 dxe4 14. Nxc6 bxc6 15. Rad1 Qa5 16. Rfe1 c5 17. d5 Qb4 18. Nxe4 Qxb2 19. c4 Qa3 20. Bg5 Rfe8 21. Ng3 Bg4 22.
Rb1 Qc3 23. Qxc3 Bxc3 24. Rxe7 f6 25. Rxe8+ Rxe8 26. Be3 Bb4 27. a3 Bxa3 28. Ra1 Bb4 29. Rxa6 g5 30. Rxf6 gxh4 31. Nf5 Bc3 32. Rg6+ Kf7 33.
Rg5 Kf6 34. Rxg4 hxg4 35. Nxh4 Bd4 36. Bxd4+ cxd4 37. Kf1 d3 0-1

[Event "Late-Titled-Tuesday-Blitz-April-02-2024"]
[Site "Chess.com"]
[Date "2024.04.02"]
[Round "8"]
[White "Tugrik1969"]
[Black "GoltsevDmitry2000"]
[Result "1-0"]
[WhiteElo "2567"]
[BlackElo "2771"]
[TimeControl "180+1"]
[EndTime "15:25:59 PDT"]
[Termination "Tugrik1969 won by resignation"]

1. d4 e6 2. c4 d5 3. Nf3 Nf6 4. g3 dxc4 5. Bg2 c5 6. O-O Nc6 7. Ne5 Nxe5 8. dxe5 Qxd1 9. Rxd1 Nd7 10. Na3 a6 11.
Nxc4 Rb8 12. a4 Be7 13. a5 O-O 14. Be3 b5 15. axb6 Nxb6 16. Na5 Bd7 17. b4 Rfc8 18. Nb7 Ba4 19. Rdc1 Bb5 20. Bxc5 Bxc5 21. bxc5 Nd7 22. c6 Nxe5 23. c7 Ra8 24. Nd6 Nc4 25. Nxb5 Nb6 26. Bxa8 Rxa8 27. Nd6 Nc8 28. Nxc8 Rxc8 29. Rd1 Kf8 30.
Rd8+ 1-0

[Event "Late-Titled-Tuesday-Blitz-April-02-2024"]
[Site "Chess.com"]
[Date "2024.04.02"]
[Round "8"]
[White "vladgoncharov"]
[Black "grandcoach"]
[Result "1-0"]
[WhiteElo "2571"]
[BlackElo "2277"]
[TimeControl "180+1"]
[EndTime "15:25:59 PDT"]
[Termination "vladgoncharov won on time"]

1. d4 Nf6 2. c4 e6 3. Nc3 Bb4 4. e3 Bxc3+ 5. bxc3 c5 6. Bd3 Nc6 7. Ne2 e5 8. d5 e4 9. Bc2 Ne5 10. Ng3 Nxc4 11. Nxe4 d6 12. Ng3 O-O 13. O-O Ne5 14.
h3 Re8 15. f4 Nc4 16. e4 h5 17.
e5 h4 18. exf6 hxg3 19. Qd3 Qxf6 20. Qxc4 Bf5 21. Bxf5 Qxf5 22. Ba3 Re4 23. Qd3 Rae8 24. Qxg3 Re2 25. Rae1 Qxd5 26. Rxe2 Rxe2 27. Bc1 Qxa2 28.
f5 1-0

[Event "Late-Titled-Tuesday-Blitz-April-02-2024"]
[Site "Chess.com"]
[Date "2024.04.02"]
[Round "8"]
[White "remyrushbrooke"]
[Black "Veleamater"]
[Result "1-0"]
[WhiteElo "2271"]
[BlackElo "2403"]
[TimeControl "180+1"]
[EndTime "15:26:00 PDT"]
[Termination "remyrushbrooke won by resignation"]

1. Nf3 Nf6 2. g3 g6 3. Bg2 Bg7 4. d4 O-O 5. c4 d6 6. Nc3 c5 7.
dxc5 dxc5 8. O-O Nc6 9. Be3 Be6 10. Bxc5 Bxc4 11. Qa4 Be6 12. Rfd1 Qc8 13. Rac1 Rd8 14. Nd4 Nxd4 15. Bxd4 Qd7 16. b3 Qxa4 17. Nxa4 Bd5 18. Bxf6 Bxg2 19. Bxg7 Bc6 20. Bb2 f6 21. Nc5 Kf7 22.
f3 e5 23. Kf2 Rac8 24. Rxd8 Rxd8 25. e4 Rd2+ 26. Ke3 Rxb2 27. Nxb7 Bb5 28. Nd6+ Ke6 29. Nxb5 Rxa2 30. Nc7+ Kf7 31. h4 Rg2 32. g4 Rh2 33. Nd5 Rxh4 34. Rc7+ Kf8 35. Rxa7 h5 36. gxh5 gxh5 37.
b4 Rh1 38. Rh7 h4 39. b5 Rb1 40. b6 Kg8 41. Rxh4 Kf7 42. Rh7+ Ke6 43. Rc7 f5 44. Rc4 f4+ 45. Kd2 Kd6 46. Rb4 Rxb4 47.
Nxb4 Kc5 48. Nd5 Kc6 49. Ke2 Kb7 50. Kf2 Kc6 51. Kg2 Kb7 52. Kh3 Kc6 53. Kg4 Kd6 54.
Kf5 1-0

[Event "Late-Titled-Tuesday-Blitz-April-02-2024"]
[Site "Chess.com"]
[Date "2024.04.02"]
[Round "8"]
[White "andrzej"]
[Black "APOKALIPSA13"]
[Result "0-1"]
[WhiteElo "2455"]
[BlackElo "2303"]
[TimeControl "180+1"]
[EndTime "15:26:01 PDT"]
[Termination "APOKALIPSA13 won by resignation"]

1. e4 e5 2. Nf3 d5 3. exd5 e4 4. Qe2 Nf6 5. d3 Qxd5 6. Nc3 Bb4 7. Bd2 Bxc3 8. Bxc3 O-O 9. Nd2 exd3 10. Qxd3 Re8+ 11.
Kd1 Bg4+ 12. f3 Bf5 13. Qxd5 Nxd5 14. Bd4 Ne3+ 15. Bxe3 Rxe3 16. Nc4 Re7 17. Kd2 Nc6 18. Kc3 b5 19. Nd2 b4+ 20. Kc4 Rd8 21. Nb3 Bxc2 22. Rc1 Bf5 23. g4 Bc8 24. Kc5 Rd6 25. f4 Bb7 26.
Bg2 Nd8 27. Bxb7 Nxb7+ 28. Kxb4 a5+ 29. Ka3 Rb6 30. Rhe1 Rxe1 31. Rxe1 Nd6 32. Rc1 g5 33. fxg5 Rb4 34. Nxa5 Rxg4 35. Rxc7 Nb5+ 36. Kb3 Nxc7 37. Nc6 Rxg5 38. a4 Na6 39. Kc4 Rc5+ 40. Kd4 Rxc6 0-1

[Event "Late-Titled-Tuesday-Blitz-April-02-2024"]
[Site "Chess.com"]
[Date "2024.04.02"]
[Round "8"]
[White "kikoveiga"]
[Black "PhileKhoob"]
[Result "0-1"]
[WhiteElo "2457"]
[BlackElo "2264"]
[TimeControl "180+1"]
[EndTime "15:26:05 PDT"]
[Termination "PhileKhoob won by resignation"]

1. e4 c6 2. d4 d5 3. Nc3 dxe4 4. Nxe4 Nf6 5. Nxf6+ exf6 6. c3 Bd6 7. Bd3 Na6 8.
Qc2 Nc7 9. Ne2 h5 10. O-O h4 11. h3 Nd5 12. Re1 Kf8 13. a3 Ne7 14. Bf4 g6 15.
Rad1 Kg7 16. c4 Bf5 17. Bxd6 Qxd6 18. Bxf5 Nxf5 19. d5 cxd5 20. cxd5 Rac8 21. Qb3 Rc7 22. Nc3 a6 23. Ne4 Qf4 24. Qd3 Rd8 25. d6 Rcd7 26. Qc3 Nxd6 27. Nc5 Nb5 28. Qc2 Rxd1 29. Rxd1 Nd4 30.
Qd2 Nf3+ 31. gxf3 Rxd2 32. Rxd2 Qxd2 33. Kf1 Qc1+ 34. Kg2 Qxc5 0-1

[Event "Late-Titled-Tuesday-Blitz-April-02-2024"]
[Site "Chess.com"]
[Date "2024.04.02"]
[Round "8"]
[White "rikchessmx"]
[Black "misterlamine"]
[Result "1-0"]
[WhiteElo "2252"]
[BlackElo "2430"]
[TimeControl "180+1"]
[EndTime "15:26:05 PDT"]
[Termination "rikchessmx won on time"]

1. e4 c5 2. Nf3 d6 3. d4 cxd4 4. Nxd4 Nf6 5. Nc3 a6 6. f4 e6 7. Qf3 Be7 8. Be3 Nc6 9. Nde2 Nb4 10. O-O-O Qa5 11. a3 Nc6 12. g4 Bd7 13. g5 Ng8 14.
Nd4 Nxd4 15. Rxd4 e5 16. Rb4 b5 17. Nd5 Rc8 18. Bb6 Qxb4 19. axb4 exf4 20. Qxf4 h6 21. Nxe7 Nxe7 22. gxh6 Rxh6 23. Rg1 Rf6 24. Qe3 g6 25. Bd3 Re6 26. Qg5 d5 27. Bc5 dxe4 28. Be2 f5 29. h4 a5 30. h5 axb4 31. Bxb4 Rec6 32. Bd1 Nd5 33. Bd2 b4 34. hxg6 Ra8 35. c3 Ra1+ 36. Kc2 Rb6 37. cxb4 Rc6+ 38. Bc3 e3 39. Be2 1-0

[Event "Late-Titled-Tuesday-Blitz-April-02-2024"]
[Site "Chess.com"]
[Date "2024.04.02"]
[Round "8"]
[White "vladislavkovalev"]
[Black "IMRosen"]
[Result "1-0"]
[WhiteElo "2883"]
[BlackElo "2681"]
[TimeControl "180+1"]
[EndTime "15:26:09 PDT"]
[Termination "vladislavkovalev won on time"]

1. e4 c5 2. Nf3 e6 3. c3 d5 4.
exd5 Qxd5 5. d4 Nf6 6. Na3 Nc6 7. Nb5 Qd8 8. dxc5 Bxc5 9. Qxd8+ Kxd8 10. b4 Be7 11. Bf4 a6 12. O-O-O+ Bd7 13. Ng5 axb5 14. Nxf7+ Ke8 15. Nxh8 Nd5 16. Bd2 Bf6 17. Bxb5 Ke7 18. c4 Nc7 19. Bxc6 Bxc6 20. b5 Bxg2 21. Bb4+ Ke8 22.
Rhg1 Be4 23. a3 g6 24. Nf7 Nxb5 25. Nd6+ Nxd6 26. Rxd6 Bf5 27. Rgd1 h5 28. Rd7 Bg4 29. Rxb7 Bxd1 30. Kxd1 Rd8+ 31. Kc2 Rd7 32. Rxd7 Kxd7 33. h3 g5 34. f3 Bd8 35. Kd3 1-0

[Event "Late-Titled-Tuesday-Blitz-April-02-2024"]
[Site "Chess.com"]
[Date "2024.04.02"]
[Round "8"]
[White "lilylg"]
[Black "ChessBrainiacOnTwitch"]
[Result "0-1"]
[WhiteElo "2238"]
[BlackElo "2803"]
[TimeControl "180+1"]
[EndTime "15:26:09 PDT"]
[Termination "ChessBrainiacOnTwitch won by resignation"]

1. d4 Nf6 2. c4 g6 3. d5 Bg7 4. Nc3 d6 5. e4 O-O 6. h3 e6 7.
Nf3 exd5 8. exd5 Re8+ 9. Be2 Nbd7 10. O-O Nc5 11. Re1 Nfe4 12. Nxe4 Nxe4 13. Bd3 Nc5 14.
Bc2 Rxe1+ 15. Qxe1 Bd7 16. Bg5 Bf6 17. Bxf6 Qxf6 18.
b4 Re8 19. Qb1 Na4 20. Bxa4 Bxa4 21. Qc1 Bd7 22. Qd1 Re4 23. Rc1 Qb2 24. Qc2 Qxc2 25. Rxc2 Ba4 26. Rc3 Re2 27. Ra3 b5 28. cxb5 Bxb5 29.
Rxa7 Rc2 30. a4 Bd3 31. b5 Be4 32. Nd4 Rc1+ 33. Kh2 Bxd5 34. Ra6 Rc4 35. Nc6 Kg7 36. Ne7 Be6 37. Rc6 Rxa4 38. Rxc7 Rb4 39. Rb7 Rb2 40. b6 Kf6 41. Nc6 Bd5 42. Rd7 Be6 43.
Rxd6 Rxb6 44. f4 h5 45. g4 Kg7 46. f5 gxf5 47. gxf5 Bxf5 48. Ne7 Rb2+ 49. Kg3 Be6 50. Rd4 Kf6 51. Nd5+ Ke5 52. Rh4 Kxd5 53. Rxh5+ Kd6 54. h4 Ke7 55. Rh6 Rb4 56. h5 Kf8 57. Rh7 Kg8 58. Rh6 Kg7 0-1

[Event "Late-Titled-Tuesday-Blitz-April-02-2024"]
[Site "Chess.com"]
[Date "2024.04.02"]
[Round "8"]
[White "Ar4uha"]
[Black "Laico"]
[Result "1-0"]
[WhiteElo "2580"]
[BlackElo "2395"]
[TimeControl "180+1"]
[EndTime "15:26:09 PDT"]
[Termination "Ar4uha won on time"]

1. e4 e6 2. d4 d5 3. Nc3 Nf6 4. e5 Nfd7 5. f4 c5 6. Nf3 Nc6 7. Be3 cxd4 8. Nxd4 Bc5 9. Qd2 O-O 10.
Be2 a6 11. O-O-O Nxd4 12. Bxd4 b5 13. Bxc5 Nxc5 14. Qd4 Qc7 15. h4 Rb8 16. a3 Bd7 17. f5 exf5 18. Nxd5 Nb3+ 19. Kb1 Nxd4 20. Nxc7 Nxe2 21.
Rxd7 Rb7 22. Rhd1 Nf4 23. g3 Ne2 24. e6 fxe6 25. Nxe6 Rfb8 26. Nxg7 Nxg3 27. Ne6 Rxd7 28. Rxd7 Re8 29. Nf4 Re4 30. Nd5 Re1+ 31. Ka2 Ne2 32. Nf6+ Kf8 33. Nxh7+ Kg8 34. Nf6+ Kf8 35. b4 Nc3+ 36. Kb2 Nd1+ 37. Kb3 Ne3 38. h5 Nc4 39. h6 Re3+ 40. Rd3 1-0

[Event "Late-Titled-Tuesday-Blitz-April-02-2024"]
[Site "Chess.com"]
[Date "2024.04.02"]
[Round "8"]
[White "Fengwi"]
[Black "ansko1999"]
[Result "0-1"]
[WhiteElo "2470"]
[BlackElo "2630"]
[TimeControl "180+1"]
[EndTime "15:26:11 PDT"]
[Termination "ansko1999 won by resignation"]

1. Nf3 Nf6 2. b3 g6 3. Bb2 Bg7 4. g3 b5 5. Bg2 Bb7 6. O-O O-O 7. a4 b4 8. d3 a5 9. e4 d6 10. Nbd2 c5 11. Nc4 d5 12. exd5 Bxd5 13. Re1 Nc6 14. Ne3 Rc8 15. Nxd5 Nxd5 16. Bxg7 Kxg7 17. Ne5 Nxe5 18.
Rxe5 Nc3 19. Qd2 e6 20. Qe3 Qd6 21. Re1 Rfd8 22. h4 h5 23. g4 Qd4 24. Qxd4 Rxd4 25. gxh5 Rxh4 26. hxg6 Kxg6 27. R1e3 Kf6 28. Re1 Rg8 29.
R5e3 Rhg4 30. Rg3 Rxg3 31. fxg3 Rxg3 32. Kf2 Rg5 33. Rh1 Rf5+ 34. Bf3 Nd5 35. Rh8 Ke5 36.
Ra8 Kd4 37. Rxa5 Ne3 38. Ke2 Nxc2 39. Ra8 Na1 40. Rd8+ Kc3 41. a5 Nxb3 42. a6 Nd4+ 43. Kf2 Rxf3+ 44. Kg2 Rxd3 45. a7 Rd2+ 46. Kg3 Ra2 47.
a8=Q Rxa8 48. Rxa8 b3 49. Kf4 b2 50. Ke3 b1=Q 0-1

[Event "Late-Titled-Tuesday-Blitz-April-02-2024"]
[Site "Chess.com"]
[Date "2024.04.02"]
[Round "8"]
[White "Walter_White_Poland"]
[Black "sacrifoice"]
[Result "0-1"]
[WhiteElo "2425"]
[BlackElo "2308"]
[TimeControl "180+1"]
[EndTime "15:26:12 PDT"]
[Termination "sacrifoice won on time"]

1. e4 c5 2. Nf3 d6 3. d4 cxd4 4. Nxd4 Nf6 5. Nc3 g6 6. Be3 Bg7 7. f3 O-O 8. Qd2 Nc6 9. O-O-O Nxd4 10. Bxd4 Be6 11. Kb1 Qc7 12. g4 Rfc8 13. h4 Qa5 14. a3 Rab8 15. h5 b5 16. Nd5 Qxd2 17. Rxd2 Nxd5 18.
exd5 Bxd4 19. Rxd4 Bd7 20. Be2 Kg7 21. h6+ Kf8 22.
Re1 Rb6 23. Bf1 e5 24. dxe6 Bxe6 25. Re3 a5 26. b3 Rc5 27. Kb2 Rbc6 28. c3 Rb6 29. b4 axb4 30. axb4 Re5 31. Rxe5 dxe5 32. Rd8+ Ke7 33. Rh8 Rd6 34. Kc2 Kf6 35. Rxh7 Rd8 36.
Bxb5 Bd5 37. Bd3 Bxf3 38. g5+ Kxg5 39. Rxf7 e4 40. Bf1 Kxh6 41. c4 g5 42. c5 g4 43.
b5 e3 44. c6 Rd2+ 45. Kc3 Rf2 46. c7 Rxf1 47. Kd3 Rc1 48. Kxe3 Kg6 49. Rd7 Bb7 50. b6 Kf5 51. Rg7 Rc3+ 52. Kd4 Rc6 53. c8=Q+ Bxc8 0-1

[Event "Late-Titled-Tuesday-Blitz-April-02-2024"]
[Site "Chess.com"]
[Date "2024.04.02"]
[Round "8"]
[White "simaopdias"]
[Black "Quattroporte300"]
[Result "0-1"]
[WhiteElo "2310"]
[BlackElo "2483"]
[TimeControl "180+1"]
[EndTime "15:26:13 PDT"]
[Termination "Quattroporte300 won on time"]

1. e4 c5 2. Nf3 a6 3. d4 cxd4 4.
Nxd4 Nf6 5. Bd3 e5 6. Ne2 Nc6 7. c4 Bc5 8. Nbc3 h6 9. O-O O-O 10. h3 d6 11. a3 Be6 12. b4 Ba7 13. Bb2 Nh5 14. Rc1 Qh4 15. Kh2 Kh8 16. Qe1 f5 17. g3 Qf6 18. f4 Nd4 19. Nd5 Bxd5 20. cxd5 fxe4 21. Bxe4 Rae8 22. f5 Nxe2 23. Qxe2 Qg5 24.
g4 Nf4 25. Qf3 Rc8 26. Bc3 Ng6 27. Rc2 Nh4 28. Qg3 Be3 29. Bb2 Rxc2+ 30. Bxc2 Bf4 31. Rxf4 Qxf4 32. Qxf4 exf4 33. Bd3 Nf3+ 34. Kg2 Ne1+ 0-1

[Event "Late-Titled-Tuesday-Blitz-April-02-2024"]
[Site "Chess.com"]
[Date "2024.04.02"]
[Round "8"]
[White "smotherhubbard"]
[Black "ninguno46"]
[Result "0-1"]
[WhiteElo "2388"]
[BlackElo "2595"]
[TimeControl "180+1"]
[EndTime "15:26:15 PDT"]
[Termination "ninguno46 won on time"]

1. d4 Nf6 2. c4 e6 3. Nf3 Bb4+ 4. Bd2 Qe7 5. a3 Bxd2+ 6. Qxd2 d6 7. Nc3 Nbd7 8. e4 e5 9. d5 a5 10. Bd3 Nc5 11. Bc2 Bg4 12. Qe3 a4 13. O-O O-O 14.
Ne1 Bd7 15. Nd3 b6 16. f4 Ng4 17. Qg3 Nxd3 18. Bxd3 exf4 19. Rxf4 Ne5 20. Be2 h6 21. Raf1 Qg5 22. Qf2 Rae8 23. Nd1 Qe7 24. Ne3 Ng6 25. Rf3 Qxe4 26. Rxf7 Qxe3 27. Qxe3 Rxe3 28. Rxd7 Rxe2 29. Rxc7 Rxb2 30. Rc6 Rxf1+ 31. Kxf1 Ne5 32. Rxd6 Nxc4 33. Rd8+ Kf7 34. g3 b5 35. h4 h5 36. Rd7+ Ke8 37.
Rxg7 b4 38. axb4 a3 39. Ra7 a2 40. b5 Rb1+ 41. Ke2 a1=Q 42. Rxa1 Rxa1 43. Kd3 Nd6 44. b6 Kd7 45. Kd4 Rb1 46. Ke5 Rxb6 47. Kf6 Rb5 0-1

[Event "Late-Titled-Tuesday-Blitz-April-02-2024"]
[Site "Chess.com"]
[Date "2024.04.02"]
[Round "8"]
[White "prochn"]
[Black "Hirna2005"]
[Result "0-1"]
[WhiteElo "2501"]
[BlackElo "2352"]
[TimeControl "180+1"]
[EndTime "15:26:16 PDT"]
[Termination "Hirna2005 won on time"]

1. d4 g6 2. c4 Bg7 3. g3 d6 4.
Bg2 Nc6 5. Nf3 Nf6 6. O-O Bf5 7. Nc3 O-O 8. Nh4 Bd7 9. Nf3 Qc8 10. e4 Bg4 11. Be3 e5 12. d5 Ne7 13. Qd2 Nh5 14. b4 a6 15. c5 f5 16. Bg5 Qd7 17. Nh4 f4 18. f3 Bh3 19. g4 Bxg2 20. Nxg2 Nf6 21.
Rac1 a5 22. cxd6 Qxd6 23. a3 axb4 24. axb4 Qxb4 25. Rb1 Qc5+ 26. Kh1 b6 27. Bh4 Ra3 28. Rfc1 Qa5 29. Qb2 Ra8 30. Bf2 Ne8 31. Ne1 Nd6 32.
Nb5 Ra2 33. Qb3 Nxb5 34. Bh4 Nd4 35. Qc4 Qd2 36. Nc2 Rxc2 37. Rxc2 Qxc2 38. Qxc2 Nxc2 39.
Bxe7 Bf8 40. Bf6 Bd6 0-1

[Event "Late-Titled-Tuesday-Blitz-April-02-2024"]
[Site "Chess.com"]
[Date "2024.04.02"]
[Round "8"]
[White "teresin05"]
[Black "Lady_Nika"]
[Result "0-1"]
[WhiteElo "2269"]
[BlackElo "2517"]
[TimeControl "180+1"]
[EndTime "15:26:17 PDT"]
[Termination "Lady_Nika won by resignation"]

1. e4 c5 2. Nf3 e6 3. d4 cxd4 4. Nxd4 a6 5. c4 Qc7 6. Nc3 Nc6 7. Be3 Nf6 8. a3 h5 9. Be2 Be7 10. f3 Ne5 11. Rc1 Ng6 12. O-O Bc5 13. Qd2 h4 14. b4 Bd6 15. f4 e5 16. Ndb5 axb5 17. Nxb5 Qb8 18. Nxd6+ Kf8 19. f5 Ne7 20. Bc5 b6 21. Be3 Rxa3 22. Bg5 Qa8 23. Qb2 Ra2 24. Qxe5 Rxe2 25.
Bxf6 gxf6 26. Qxf6 Rh7 27. c5 Qa2 28. Qg5 Rg7 29.
Qxg7+ Kxg7 30. f6+ Kh7 31. Kh1 Rxg2 32. fxe7 Rxh2+ 0-1

[Event "Late-Titled-Tuesday-Blitz-April-02-2024"]
[Site "Chess.com"]
[Date "2024.04.02"]
[Round "8"]
[White "sorch29"]
[Black "Yushko_Olga"]
[Result "1-0"]
[WhiteElo "2421"]
[BlackElo "2233"]
[TimeControl "180+1"]
[EndTime "15:26:19 PDT"]
[Termination "sorch29 won by resignation"]

1. Nf3 e6 2. g3 Nf6 3. Bg2 d5 4. O-O Be7 5. c4 O-O 6. d4 dxc4 7. Qc2 Nc6 8. Qxc4 Qd5 9. Nbd2 b5 10. Qxd5 Nxd5 11.
Nb3 Bb7 12. Bd2 a5 13. Rfc1 a4 14. Nc5 Bxc5 15. Rxc5 Rfd8 16. Rac1 Nde7 17. e3 a3 18. Rxb5 axb2 19. Rxb2 Ba6 20. Rbc2 Bb5 21. Ne1 Ra6 22. Rb2 Ba4 23. Nd3 Nb8 24. Nc5 Ra7 25. Rcb1 Nd7 26.
Nxa4 Rxa4 27. Rc1 Nb6 28. Bb4 Ned5 29. Bc5 h5 30. Bxb6 cxb6 31. Bxd5 Rxd5 32. Rcc2 b5 33. Rc8+ Kh7 34. Rb8 Kg6 35. R8xb5 Rxb5 36. Rxb5 Rxa2 37.
Kg2 Rc2 38. h3 Ra2 39. g4 hxg4 40. hxg4 Kf6 41. Kf3 Rc2 42. Rc5 Ra2 43. Rc6 Ke7 44. Kg3 Kd7 45. Rc3 Ke7 46. f3 Ra1 47. Kf4 Rf1 48. g5 Re1 49. Rc7+ Ke8 50. e4 Rd1 51. g6 fxg6 52. Ke5 Kd8 53. Rxg7 Rd3 54. f4 Ke8 55.
Rxg6 Kf7 56. Rf6+ Kg7 57. Rxe6 1-0

[Event "Late-Titled-Tuesday-Blitz-April-02-2024"]
[Site "Chess.com"]
[Date "2024.04.02"]
[Round "8"]
[White "laskakid"]
[Black "Akhayan"]
[Result "1/2-1/2"]
[WhiteElo "2308"]
[BlackElo "2444"]
[TimeControl "180+1"]
[EndTime "15:26:20 PDT"]
[Termination "Game drawn by repetition"]

1. e4 e5 2. Nf3 Nc6 3. d3 Nf6 4. g3 Bc5 5. Bg2 d6 6. O-O O-O 7.
Nc3 Be6 8. h3 a6 9. Kh2 d5 10.
Ng5 Qd7 11. exd5 Bxd5 12. Nxd5 Nxd5 13. Ne4 Be7 14. Qh5 Nf6 15. Nxf6+ Bxf6 16. Be4 g6 17. Qf3 Bg7 18. c3 Rad8 19. Be3 f5 20. Bxc6 Qxc6 21.
Qxc6 bxc6 22. Bc5 Rf7 23. Rad1 Rfd7 24. d4 exd4 25. cxd4 Bxd4 26. Bxd4 Rxd4 27. Rxd4 Rxd4 28. Rc1 Rd2 29. Kg2 Rxb2 30. Rxc6 Rxa2 31. Rxc7 a5 32. Ra7 a4 33. Kf3 Ra1 34. h4 a3 35. Kf4 h6 36.
h5 Rf1 37. hxg6 Rxf2+ 38. Ke5 Re2+ 39. Kf6 Re8 40. Rxa3 Rb8 41. Ra7 Rb6+ 42. Kxf5 Rb5+ 43. Kf6 Rb6+ 44. Kf5 Rb5+ 45. Kf4 Rb4+ 46. Ke5 Rb5+ 47.
Kf6 Rb6+ 48. Kf5 1/2-1/2

[Event "Late-Titled-Tuesday-Blitz-April-02-2024"]
[Site "Chess.com"]
[Date "2024.04.02"]
[Round "8"]
[White "Jahonas"]
[Black "carloseduar100"]
[Result "0-1"]
[WhiteElo "2493"]
[BlackElo "2246"]
[TimeControl "180+1"]
[EndTime "15:26:21 PDT"]
[Termination "carloseduar100 won by resignation"]

1. e4 e6 2. Nf3 d5 3. Nc3 Nf6 4. exd5 exd5 5. d4 Bd6 6. Be2 O-O 7. O-O h6 8. Be3 Re8 9. Qd2 Bg4 10. h3 Bh5 11.
Bf4 Ne4 12. Nxe4 dxe4 13. Ne5 Bxe5 14. Bxe5 Rxe5 15. Qb4 Rg5 16. Bxh5 Rxh5 17. Qxb7 Nd7 18. Qxe4 Nf6 19. Qf3 Qd5 20. Qc3 c5 21. dxc5 Qxc5 22. Qf3 Re8 23. Rac1 a5 24. c4 Rhe5 25. Rfd1 Re2 26.
Rd8 Rxb2 27. Rxe8+ Nxe8 28. Qa8 Qxf2+ 29. Kh1 Qe3 30. Rg1 Rxa2 31. c5 Rc2 32. c6 Kh7 33. Qxa5 Rxc6 34. Qf5+ Rg6 35. Qxf7 Nf6 36. Rf1 Qg3 37.
Rg1 Ne4 38. Qf3 Nf2+ 0-1